 Dungeon Crawl Stone Soup version 0.22.1-57-g7394efd (webtiles) character file.

430 smallpebble the Covered (level 6, -2/56 HPs)
             Began as a Hill Orc Fighter on Mar 23, 2019.
             Was an Initiate of Nemelex Xobeh.
             Succumbed to a gnoll's poison
             ... on level 3 of the Dungeon.
             The game lasted 00:19:10 (3633 turns).

smallpebble the Covered (Hill Orc Fighter)          Turns: 3633, Time: 00:19:10

Health: -2/56      AC:  8    Str: 20    XL:     6   Next: 99%
Magic:  6/6        EV:  8    Int:  8    God:    Nemelex Xobeh [......]
Gold:   49         SH:  9    Dex: 11    Spells: 5/5 levels left

rFire    . . .     SeeInvis .   a - +0 long sword
rCold    . . .     Gourm    .   c - +0 shield
rNeg     . . .     Faith    .   b - +0 scale mail
rPois    .         Spirit   .   j - +0 helmet
rElec    .         Reflect  .   (no cloak)
rCorr    .         Harm     .   (no gloves)
MR       .....                  (no boots)
Stlth    ..........             (no amulet)
HPRegen  0.18/turn              (no ring)
MPRegen  0.10/turn              (no ring)

@: lethally poisoned (-2 -> -36)
A: no striking features
a: Renounce Religion


You were on level 3 of the Dungeon.
You worshipped Nemelex Xobeh.
Nemelex Xobeh was noncommittal.
You were not hungry.

You visited 1 branch of the dungeon, and saw 3 of its levels.

You collected 49 gold pieces.

Inventory:

Hand Weapons
 a - a +0 long sword (weapon)
Missiles
 r - 2 throwing nets (quivered)
Armour
 b - a +0 scale mail (worn)
 c - a +0 shield (worn)
 g - a +0 leather armour
 i - a +0 animal skin
 j - a +0 helmet (worn)
 l - a +0 ring mail
 o - a cursed +0 robe
Scrolls
 e - 4 scrolls of amnesia
 h - a scroll of teleportation {unknown}
 k - a scroll of enchant armour {unknown}
 q - a scroll of noise {unknown}
Potions
 m - a potion of agility {unknown}
 n - a potion of mutation {unknown}
 p - a potion of cancellation {unknown}
Miscellaneous
 s - a legendary deck of escape
Comestibles
 f - 7 rations


   Skills:
 + Level 5.0 Fighting
 + Level 4.1 Long Blades
 + Level 5.1 Armour
 + Level 1.9 Dodging
 + Level 4.7 Shields


You had 5 spell levels left.
You didn't know any spells.
Your spell library was empty.

Dungeon Overview and Level Annotations

Branches:
Dungeon (3/15)

Altars:
Makhleb
Nemelex Xobeh
Sif Muna


Message History

The gnoll hits you from afar with a halberd!
The gnoll hits you from afar with a spear of venom!
* * * LOW HITPOINT WARNING * * *
You are more poisoned.
* * * LOW HITPOINT WARNING * * *
You feel very sick. The gnoll hits you but does no damage.
You are more poisoned.
The gnoll splashes around in the water.
You hit the gnoll.
You kill the gnoll!
You hear a splash.
Your Fighting skill increases to level 5!
* * * LOW HITPOINT WARNING * * *
You feel very sick.
The gnoll hits you with a spear of venom.
* * * LOW HITPOINT WARNING * * *
Your shield and scale mail prevent you from hitting the gnoll.
You die...
Your body disappears without a glow.

..#....#.g. #.≈ .'....'... '.#.≈
.#....#. #'###
############''''#############...#
............................#...#
≈≈≈≈≈≈≈≈≈≈≈≈....≈≈≈≈≈≈≈≈≈≈≈≈#####
≈≈≈≈≈≈≈≈≈≈≈≈....≈≈≈≈≈≈≈≈≈≈≈≈≈≈≈≈≈
≈)≈≈≈≈≈≈≈≈≈≈...g)≈≈≈≈≈≈≈≈≈≈≈≈≈≈≈≈
.).....(((..).).@)...............
.###..####........###############
####..###..........#
.......##......)...#
.#.#.#)##..........###
.......##............###
.#.#.#........).........
..............<...#.#.#.#
.#.#.#..#...............#


You could see a gnoll.

Vanquished Creatures
  Natasha (thrice) (D:2)
  Robin (D:2)
  4 adders
  18 gnolls
  2 worms
  A dart slug (D:3)
  A leopard gecko (D:2)
  7 orcs
  A ball python (D:2)
  7 bats
  3 giant cockroaches
  20 goblins
  12 hobgoblins
  22 jackals
  11 kobolds
  5 frilled lizards
  2 rats
120 creatures vanquished.

Notes
Turn   | Place    | Note
-------+----------+-------------------------------------------
     0 | D:1      | smallpebble the Hill Orc Fighter began the quest for the
                  | Orb.
     0 | D:1      | Reached XP level 1. HP: 19/19 MP: 1/1
    43 | D:1      | Reached XP level 2. HP: 26/27 MP: 2/2
   468 | D:2      | Noticed Robin
   476 | D:2      | Reached XP level 3. HP: 28/33 MP: 3/3
   559 | D:2      | Killed Robin
   862 | D:2      | Noticed Natasha
   890 | D:2      | Killed Natasha
   890 | D:2      | Reached XP level 4. HP: 29/40 MP: 4/4
   932 | D:2      | Noticed Natasha
   978 | D:2      | Killed Natasha
  1347 | D:2      | Noticed Natasha
  1351 | D:2      | Reached XP level 5. HP: 27/46 MP: 5/5
  1359 | D:2      | Killed Natasha
  1359 | D:2      | Reached skill level 1 in Dodging
  2329 | D:3      | Reached XP level 6. HP: 53/53 MP: 6/6
  2606 | D:3      | Found a deep blue altar of Sif Muna.
  2606 | D:3      | Found a sparkling altar of Nemelex Xobeh.
  2619 | D:3      | Became a worshipper of Nemelex Xobeh the Trickster
  2672 | D:3      | Found a burning altar of Makhleb.
  2773 | D:3      | Found a faded altar of an unknown god.
  3002 | D:3      | Received a gift from Nemelex Xobeh
  3048 | D:3      | Reached skill level 5 in Armour
  3632 | D:3      | Reached skill level 5 in Fighting
  3632 | D:3      | HP: 1/56 [gnoll/spear of venom (4)]
  3633 | D:3      | Succumbed to a gnoll's poison

Skill      XL: |  1  2  3  4  5  6 |
---------------+-------------------+-----
Fighting       | 4 5 |  5.0
Armour         | 4 5 |  5.1
Long Blades    | 3 4 |  4.1
Shields        | 4 |  4.7
Dodging        | 1 |  1.9

Action                   |  1- 3 |  4- 6 || total
-------------------------+-------+-------++-------
Melee: Long sword        |   129 |   337 ||   466
  Use: Scroll            |       |     1 ||     1
       Potion            |       |     1 ||     1
  Eat: Ration            |       |     3 ||     3
Armor: Scale mail        |    87 |   196 ||   283
       Skin              |     4 |       ||     4
Dodge: Dodged            |    59 |   148 ||   207
Block: Shield            |   108 |   275 ||   383
       Rpst.: Long sword |    16 |    47 ||    63
